 Dungeon Crawl Stone Soup version 0.30-a0-948-g4fa250aae5 (webtiles) character file.

Game seed: 3745655020730257047

4686 jimonade the Protected (level 10, -2/88 HPs)
             Began as a Hill Orc Fighter on Mar 26, 2023.
             Was a Priest of Beogh.
             Slain by Erica
             ... wielding a +2 scimitar of flaming
              (9 damage)
             ... on level 8 of the Dungeon.
             The game lasted 00:30:53 (9952 turns).

jimonade the Protected (Hill Orc Fighter)           Turns: 9952, Time: 00:30:54

Health: -2/88      AC: 19    Str: 22    XL:     10   Next: 44%
Magic:  16/16      EV:  6    Int: 10    God:    Beogh [***...]
Gold:   605        SH:  5    Dex: 10    Spells: 9/9 levels left

rFire   + . .      SeeInvis .    b - +1 spear "Ogeenk" {venom, Will+}
rCold   x . .      Faith    .    c - +0 buckler
rNeg    . . .      Spirit   .    I - +0 plate armour
rPois   .          Reflect  .    i - +1 helmet
rElec   .          Rampage  .    q - +0 cloak
rCorr   .                        N - +0 pair of gloves
Will    ++...                    (no boots) Stlth
                                 (no amulet)
HPRegen 0.34/turn                A - ring of willpower
MPRegen 0.15/turn                g - ring of fire

@: no status effects
A: no striking features
a: Renounce Religion, Smiting


You were on level 8 of the Dungeon.
You worshipped Beogh.
Beogh was most pleased with you.
You visited 1 branch of the dungeon, and saw 8 of its levels.
You also visited: Sewer and Ossuary.

You collected 605 gold pieces.

Inventory:

Hand Weapons
 a - a +3 short sword of electrocution
 b - the +1 spear "Ogeenk" (weapon) {venom, Will+}
   (You found it on level 5 of the Dungeon)

   Will:      It increases your willpower.
 o - a +1 antimagic flail
 u - a +0 halberd
 M - a +0 mace of holy wrath
 S - the +12 whip "Toecaty" {spect, *Slow Str+3 Dex+4}
   (You found it on level 6 of the Dungeon)

   Str:       It affects your strength (+3).
   Dex:       It affects your dexterity (+4).
   *Slow:     It may slow you when you take damage.
 T - a +0 heavy broad axe
Missiles
 h - 2 curare-tipped darts
 r - 25 poisoned darts
 L - a throwing net (quivered)
 P - 4 atropa-tipped darts
Armour
 c - a +0 buckler (worn)
 f - a +0 ring mail of positive energy
 i - a +1 helmet (worn)
 q - a +0 cloak (worn)
 I - a +0 plate armour (worn)
 J - a +2 ring mail of fire resistance
 N - a +0 pair of gloves (worn)
 U - +0 swamp dragon scales
Magical Staves
 t - a staff of fire
Jewellery
 g - a ring of fire (right hand)
 s - a +6 ring of strength
 w - a ring of willpower
 A - a ring of willpower (left hand)
Wands
 p - a wand of paralysis (6)
 v - a wand of mindburst (22)
 F - a wand of flame (10)
 K - a wand of digging (9)
 X - a wand of roots (6)
Scrolls
 e - 3 scrolls of blinking
 k - 3 scrolls of immolation
 l - 2 scrolls of torment {unknown}
 m - 4 scrolls of teleportation
 y - a scroll of summoning {unknown}
 C - a scroll of enchant weapon
 D - 2 scrolls of poison
 H - 2 scrolls of fog
 R - 3 scrolls of enchant armour
 V - a scroll of magic mapping {unknown}
 W - a scroll of amnesia
 Z - a scroll of silence
Potions
 d - 4 potions of might
 j - 4 potions of magic
 n - 2 potions of heal wounds
 x - 5 potions of curing
 z - a potion of berserk rage
 B - 3 potions of brilliance
 E - 3 potions of attraction
 G - 2 potions of degeneration
 O - a potion of invisibility
 Q - a potion of flight
 Y - 2 potions of mutation


   Skills:
 + Level 8.2 Fighting
 - Level 1.8 Short Blades
 + Level 3.3(6.0) Axes
 + Level 4.3(4.8) Maces & Flails
 + Level 4.4(4.8) Polearms
 + Level 9.8 Armour
 + Level 6.7 Shields
 * Level 8.8 Invocations


You had 9 spell levels left.
You didn't know any spells.
Your spell library contained the following spells:

 Spells                   Type           Power      Damage    Failure   Level
 Slow                     Hex            0%         N/A       100%        1
 Cigotuvi's Dreadful Rot  Necr/Pois/Air  0%         N/A       100%        2
 Confusing Touch          Hex            0%         N/A       100%        3
 Ozocubu's Armour         Ice            0%         N/A       100%        3
 Vampiric Draining        Necr           0%         2d6       100%        3
 Airstrike                Air            0%         2d(0-16)  100%        4
 Dispel Undead            Necr           0%         3d6       100%        4
 Summon Lightning Spire   Summ/Air       0%         N/A       100%        4
 Plasma Beam              Fire/Air       0%         2x1d11    100%        5
 Death Channel            Necr           0%         N/A       100%        6
 Ozocubu's Refrigeration  Ice            0%         4d7       100%        7


Dungeon Overview and Level Annotations

Branches:
Dungeon (8/15)             Temple (0/1) D:4           Sewer (visited)
Ossuary (visited)
   Lair: D:8-11

Altars:
Ashenzari
Dithmenos
Fedhas
Hepliaklqana
Kikubaaqudgha
Ru
Trog
Vehumet
Xom
The Shining One

Shops:
D:7 ([(=:

Annotations:
D:2 Natasha, Sigmund
D:3 2 transporters, cheesebisquit's ghost, amateur DENe
D:8 2 transporters, AzureAlchemist's ghost, novice OgCj; Erica


Message History

Items here: )) [ †.
Things that are here:
a +0 spear; a gnoll corpse
Things that are here:
a +0 mace; a +0 ring mail You see here a +0 spear.
Erica the Fiery-Tempered comes into view.
She is wielding a +2 scimitar of flaming.
You remove your ring of willpower.
Erica gestures wildly while chanting.
Erica flickers and vanishes!
Deactivating autopickup; reactivate with Ctrl-A.
You feel more attuned to fire.
g - a ring of fire (right hand)
You hear some strange, mumbled words.
A lance of force appears from out of thin air!
The lance of force hits you!
You are knocked back by the lance of force.
You slam into the rock wall!
You hit something.
You hear some strange, mumbled words.
A lance of force appears from out of thin air!
The lance of force hits you!!
You are knocked back by the lance of force.
You slam into the rock wall!
Something hits you.
You hit something but do no damage. Something hits you but does no damage.
You hit something. Something hits you but does no damage.
You hit something. Something hits you but does no damage.
You hit something but do no damage. Something hits you.
You hit something. Something hits you! Something burns you.
You closely miss something.
You hear some strange, mumbled words.
A lance of force appears from out of thin air!
The lance of force hits you!!
* * * LOW HITPOINT WARNING * * *
You are knocked back by the lance of force.
You slam into the rock wall!
* * * LOW HITPOINT WARNING * * *
Something hits you!
You die...

# ### ### ##......##
..### ###..)......
....### ###....)......
......#####.............
.........#..............
.......))#..............
.......#.........{......
....####..##...o@.......
##### ##..###..........
# ##.#####.......# #..##
####...## ###### ##..#
#### #### ##....#
#..#### ##..# ......#
#..)).### ##..## ......#
##.......######....#
......#
#..)).).[..##..#...#


You could see a friendly orc.

Vanquished Creatures
  Pikel (D:6)
  Maurice (D:8)
  Maggie (D:6)
  Prince Ribbit (D:7)
  A shadow (D:8)
  A steam dragon (D:8)
  A water moccasin (D:7)
  4 sky beasts
  An orc warrior (D:5)
  A black bear (D:4)
  An ice beast (D:7)
  A centaur (D:8)
  5 bullfrogs
  2 scorpions (D:5)
  2 water moccasin zombies (Ossuary)
  6 wights
  10 killer bees
  A bullfrog zombie (Ossuary)
  2 centaur zombies (Ossuary)
  3 hounds
  An orc priest (D:5)
  2 gnoll boudas
  A jelly (D:4)
  Natasha (D:2)
  An iguana (D:6)
  5 orc wizards
  A scorpion zombie (Ossuary)
  Robin (D:2)
  18 gnolls
  12 adders
  A white imp (D:6)
  2 ufetubi (D:5)
  2 adder zombies (Ossuary)
  7 worms
  2 dart slugs
  16 orcs
  15 endoplasms
  10 giant cockroaches
  5 gnoll zombies (Ossuary)
  18 goblins
  4 hobgoblins
  7 jackals (D:2)
  11 quokkas
  16 ball pythons
  7 bats
  10 frilled lizards
  3 goblin zombies (Ossuary)
  3 hobgoblin zombies (Ossuary)
  6 kobolds
  An orc zombie (Ossuary)
  8 rats
243 creatures vanquished.

Vanquished Creatures (others)
  A sleepcap (D:4)
  A dart slug (D:4)
  5 orcs
  A ball python (D:4)
  A goblin (D:4)
  A kobold (D:4)
10 creatures vanquished.

Grand Total: 253 creatures vanquished

Notes
Turn   | Place    | Note
-------+----------+-------------------------------------------
     0 | D:1      | jimonade the Hill Orc Fighter began the quest for the Orb.
     0 | D:1      | Reached XP level 1. HP: 19/19 MP: 1/1
    66 | D:1      | You fall into a shaft and drop 1 floor!
   100 | D:2      | Reached XP level 2. HP: 10/27 MP: 2/2
   231 | D:2      | Noticed Robin
   340 | D:1      | Reached skill level 1 in Invocations
   353 | D:1      | Reached XP level 3. HP: 33/33 MP: 3/3
   439 | D:2      | Killed Robin
   499 | D:2      | Reached XP level 4. HP: 40/40 MP: 5/5
   612 | D:2      | Noticed Sigmund
   761 | D:1      | Reached skill level 4 in Armour
   859 | D:1      | Reached skill level 1 in Short Blades
  1546 | D:2      | Reached XP level 5. HP: 46/46 MP: 6/6
  1666 | D:2      | Noticed Natasha
  1677 | D:2      | Killed Natasha
  1783 | D:2      | Noticed Natasha
  2025 | D:3      | Found a glowing drain.
  2034 | Sewer    | Entered a sewer
  2421 | Sewer    | Reached XP level 6. HP: 51/53 MP: 8/8
  2621 | Sewer    | Reached skill level 5 in Armour
  2636 | Sewer    | Reached skill level 5 in Fighting
  2868 | D:3      | Noticed cheesebisquit's ghost (amateur DENe)
  2904 | D:3      | Found a transporter.
  3123 | D:3      | Found a transporter.
  3517 | D:4      | Became a worshipper of Beogh the Brigand
  3675 | D:4      | Reached XP level 7. HP: 61/61 MP: 9/9
  3843 | D:4      | Found a shimmering altar of Xom.
  4067 | D:4      | Reached skill level 6 in Armour
  4097 | D:4      | Reached * piety under Beogh
  4241 | D:4      | Found a staircase to the Ecumenical Temple.
  4335 | D:5      | Entered Level 5 of the Dungeon
  4375 | D:5      | Identified the +1 spear "Ogeenk" {venom, Will+}
  4552 | D:5      | Found a sacrificial altar of Ru.
  4553 | D:5      | Found a hazy altar of Hepliaklqana.
  4554 | D:5      | Found a broken altar of Ashenzari.
  4555 | D:5      | Found a shadowy altar of Dithmenos.
  4555 | D:5      | Found an ancient bone altar of Kikubaaqudgha.
  4556 | D:5      | Found a blossoming altar of Fedhas.
  4556 | D:5      | Found a glowing golden altar of the Shining One.
  4557 | D:5      | Found a radiant altar of Vehumet.
  4673 | D:5      | Reached skill level 5 in Invocations
  4673 | D:5      | Reached XP level 8. HP: 49/70 MP: 11/11
  5529 | D:6      | Reached skill level 5 in Shields
  5575 | D:6      | Identified the +12 whip "Toecaty" {spect, *Slow Str+3
                  | Dex+4}
  5631 | D:6      | Reached skill level 7 in Armour
  6003 | D:7      | Noticed Pikel
  6035 | D:6      | Killed Pikel
  6036 | D:6      | Reached skill level 1 in Polearms
  6036 | D:6      | Reached skill level 8 in Armour
  6036 | D:6      | Reached XP level 9. HP: 58/79 MP: 13/13
  6109 | D:7      | Noticed Maggie
  6160 | D:7      | Found Dois Din's Weapon Shop.
  6198 | D:6      | Killed Maggie
  6423 | D:7      | Found Woklugha's Jewellery Shoppe.
  6939 | D:6      | Reached skill level 9 in Armour
  7299 | D:7      | Found Noleyb's Book Emporium.
  7408 | D:7      | Noticed Prince Ribbit
  7425 | D:7      | Killed Prince Ribbit
  7426 | D:7      | Reached skill level 1 in Maces & Flails
  7554 | D:7      | Found Jafecw's Weapon Boutique.
  7770 | D:6      | Reached ** piety under Beogh
  7824 | D:7      | Found Tawitz's Antique Armour Shoppe.
  8182 | D:8      | Found a transporter.
  8190 | D:8      | Found a bloodstained altar of Trog.
  8191 | D:8      | Noticed Maurice
  8197 | D:8      | Noticed AzureAlchemist's ghost (novice OgCj)
  8283 | D:8      | Found a sand-covered staircase.
  8287 | Ossuary  | Entered an ossuary
  8453 | Ossuary  | Reached XP level 10. HP: 86/88 MP: 15/15
  8765 | D:8      | Reached *** piety under Beogh
  9310 | D:8      | Found a transporter.
  9333 | D:8      | Noticed a moth of wrath
  9335 | D:8      | Noticed a two-headed ogre
  9367 | D:8      | Killed Maurice
  9937 | D:8      | Noticed Erica
  9952 | D:8      | Slain by Erica

Illustrated notes

Levels and vault maps discovered:
D:1:      amcnicky_arrival_blooded_trapdoor, layout_basic, bh_walls_and_bars
D:2:      layout_basic, reono_crystal_passage, uniq_sigmund, uniq_natasha,
          uniq_robin
D:3:      layout_basic, gammafunk_ghost_arena, cheibrodos_sewer_entry_drain
D:4:      layout_loops_ring, xom_confusion_cloud, lemuel_temple_firewalk_a
D:5:      layout_loops_ring, grunt_temple_overflow_open
D:6:      layout_loops_cross
D:7:      layout_rooms, serial_shops, shop, nicolae_diamond_shop, shop,
          nicolae_shop_stone, kennysheep_little_box, uniq_pikel,
          uniq_prince_ribbit1, uniq_maggie
D:8:      layout_cave_pods, gammafunk_ghost_wrathful_warriors, enter_ossuary_5,
          uniq_maurice, uniq_erica

Skill      XL: |  1  2  3  4  5  6  7  8  9 10 |
---------------+-------------------------------+-----
Axes           | 3 |  3.3
Invocations    | 1 2 3 5 6 7 8 |  8.8
Fighting       | 4 5 6 7 8 |  8.2
Armour         | 4 5 6 8 9 |  9.8
Short Blades   | 1 |  1.8
Shields        | 4 5 6 |  6.7
Polearms       | 1 4 |  4.4
Maces & Flails | 2 4 |  4.3

Action                     |  1- 3 |  4- 6 |  7- 9 | 10-12 || total
---------------------------+-------+-------+-------+-------++-------
  Melee: War axe           |    22 |       |       |       ||    22
         Short sword       |    72 |   344 |   146 |     3 ||   565
         Spear             |       |       |   239 |   133 ||   372
         Mace              |       |       |   109 |    15 ||   124
 Invoke: Convert to Beogh  |       |     1 |       |       ||     1
    Use: Scroll            |     1 |     7 |     9 |     4 ||    21
         Potion            |       |       |     2 |       ||     2
 Armour: Ring mail         |    47 |   115 |       |       ||   162
         Chain mail        |       |    16 |    63 |       ||    79
         Plate armour      |       |       |   308 |    95 ||   403
  Dodge: Dodged            |    59 |   185 |   138 |    38 ||   420
  Block: Buckler           |    14 |    58 |   102 |    36 ||   210

Table legend: (Time is in decaauts)
 A = Elapsed time spent in this place.
 B = Non-inter-level travel time spent in this place.
 C = Inter-level travel time spent in this place.
 D = Time resting spent in this place.
 E = Time spent auto-exploring this place.
 F = Levels seen in this place.
 G = Mean time per level.
                   A        B        C        D        E       F      G
               +--------+--------+--------+--------+--------+-----+--------+
         Total |  10034 |   9707 |    327 |   2415 |   4033 |  10 | 1003.4 |
       Dungeon |   8848 |   8521 |    327 |   2006 |   3894 |   8 | 1106.0 |
         Sewer |    841 |    841 |      0 |    409 |     38 |   1 |  841.0 |
       Ossuary |    345 |    345 |      0 |      0 |    101 |   1 |  345.0 |
               +--------+--------+--------+--------+--------+-----+--------+

Top non-repeatable levels by time:
     D:6: 1854 daAuts
     D:8: 1497 daAuts
     D:1: 1083 daAuts
     D:7: 1062 daAuts
     D:2: 938 daAuts
     D:5: 876 daAuts
   Sewer: 841 daAuts
     D:4: 826 daAuts
     D:3: 707 daAuts
 Ossuary: 345 daAuts
